AoeStats
← JamesNewstedd

Migration

509152208Analyzed
1v1 RM · 6d ago on Sep 25, 2026· 58m 19s· 2 players
Game mode
Random Map
Map size
132×132
Population
200
Speed
Normal
Resources
Standard
Victory
Conquest
Starting age
Dark Age
Ending age
Imperial Age
RankedLock teamsTeams togetherTeam positionsShared explorationLock speedFull tech treeHidden civsTurbo modeCheats
Victory
Defeat
🇲🇽 Italians · Mexico
1837
+15
🇩🇪 Cumans · Germany
1811
-15
JamesNewstedd
11:59 Feudal Age
12:55 Double-Bit Axe
13:12 Gold Mining
16:09 Town Watch
17:00 Wheelbarrow
18:06 Fishing Lines
22:30 Loom
25:25 Castle Age
24:21 Forging
26:21 Medium Warships
27:58 Iron Casting
30:31 Clinker Construction
31:52 Gold Shaft Mining
31:09 Stone Mining
32:54 Careening
33:23 Gold Shaft Mining
34:28 Fletching
36:43 Bodkin Arrow
37:50 Ballistics
41:42 Imperial Age
41:14 Gillnets
42:51 Padded Archer Armor
44:00 Chemistry
43:48 Heavy Warships
48:20 Conscription
49:49 Bow Saw
51:51 Leather Archer Armor
52:50 Two-Man Saw
52:24 Elite Kipchak
55:36 Ring Archer Armor
56:02 Elite Skirmisher
57:36 Heavy Cavalry Archer
58:42 Parthian Tactics
VN_ALEGRIA
9:34 Feudal Age
10:09 Double-Bit Axe
13:27 Fletching
20:23 Castle Age
18:37 Gold Mining
21:37 Medium Warships
21:24 Bodkin Arrow
22:30 Loom
23:24 Town Watch
25:30 Fishing Lines
31:22 Bow Saw
37:54 Bloodlines
37:04 Light Cavalry
42:06 Imperial Age
42:59 Imperial Age
41:06 Gillnets
41:29 Stone Mining
41:53 Scale Barding Armor
42:00 Forging
41:35 Horse Collar
42:29 Husbandry
44:28 Heavy Warships
45:00 Chain Barding Armor
45:15 Iron Casting
47:04 Chemistry
46:29 Conscription
48:45 Plate Barding Armor
48:43 Heated Shot
51:27 Bracer
51:50 Ballistics
51:33 Padded Archer Armor
53:15 Leather Archer Armor
53:44 Masonry
53:56 Thumb Ring
55:16 Architecture
55:21 Elite Genoese Crossbowman
Connection lost

Rejoining the realm…

Still unreachable

The connection could not be restored.

Session expired

The server has moved on; the page needs a fresh start.